 Dungeon Crawl Stone Soup version 0.29-a0-323-g050149af67 (webtiles) character file.

Game seed: 17291762885019069754

1488 spaghetti the Covert (level 8, -1/52 HPs)
             Began as an Octopode Delver on Apr 10, 2022.
             Was a Believer of Dithmenos.
             Slain by Duvessa
             ... wielding a +1 short sword of flaming
              (11 damage)
             ... on level 6 of the Dungeon.
             The game lasted 00:08:33 (6903 turns).

spaghetti the Covert (Octopode Delver)              Turns: 6903, Time: 00:08:34

Health: -1/52      AC:  1    Str: 11    XL:     8   Next: 80%
Magic:  8/8        EV: 13    Int: 13    God:    Dithmenos [**....]
Gold:   482        SH:  0    Dex: 13    Spells: 7/7 levels left

rFire   . . .      SeeInvis .   e - +1 dagger (venom) {short}
rCold   + . .      Faith    .   (no shield)
rNeg    . . .      Spirit   .   (helmet restricted)
rPois   .          Reflect  .   E - amulet of the Air {Inacc Air Fly rElec RMsl}
rElec   +          Harm     .   (no ring)
rCorr   .          Rampage  .   (no ring)
Will    +....                   (no ring)
Stlth   ++++++++..              (no ring)
HPRegen 0.17/turn               (no ring)
MPRegen 0.11/turn               (no ring)
                                (no ring)
                                (no ring)

@: flying, wreathed by umbra, repel missiles
A: almost no armour, amphibious, 8 rings, camouflage 1, gelatinous body 1,
(nimble swimmer 1), tentacles, clumsy 1, cold resistance 1, strong-willed 1
a: Renounce Religion, Shadow Step


You were on level 6 of the Dungeon.
You worshipped Dithmenos.
Dithmenos was pleased with you.
You visited 2 branches of the dungeon, and saw 7 of its levels.

You collected 592 gold pieces.
You spent 110 gold pieces at shops.


Innate Abilities, Weirdness & Mutations

You cannot wear most types of armour.
You are amphibious.
You can wear up to eight rings at the same time.
Your skin changes colour to match your surroundings (Stealth+).
Your rubbery body absorbs attacks. (AC +1, EV +1)
((You are camouflaged when in or above water. (Stealth+)))
You have tentacles for arms and can constrict up to eight enemies at once.
You are clumsy. (Dex -2)
Your flesh is cold resistant. (rC+)
You are strong-willed. (Will+)


   Skills:
 - Level 3.0 Fighting
 + Level 7.5 Short Blades
 - Level 2.0 Dodging
 - Level 12.7 Stealth


You had 7 spell levels left.
You didn't know any spells.
Your spell library contained the following spells:

 Spells                   Type           Power      Damage    Failure   Level
 Magic Dart               Conj           0%         1d3       30%         1
 Call Imp                 Summ           0%         N/A       43%         2
 Corpse Rot               Necr/Air       0%         N/A       43%         2
 Ensorcelled Hibernation  Hex/Ice        0%         N/A       43%         2
 Passwall                 Tmut/Erth      0%         N/A       43%         2
 Conjure Flame            Conj/Fire      0%         6-21      67%         3
 Ignite Poison            Fire/Tmut/Pois 0%         N/A       67%         3
 Mephitic Cloud           Conj/Pois/Air  0%         N/A       67%         3
 Swiftness                Air            0%         N/A       67%         3
 Dispel Undead            Necr           0%         3d6       97%         4
 Sticky Flame             Conj/Fire      0%         2d3       97%         4
 Death Channel            Necr           0%         N/A       100%        6

Inventory:

Hand Weapons
 a - a +1 short sword {short}
 e - a +1 dagger of venom (weapon) {short}
   (You took it off an orc on level 4 of the Dungeon)
 C - a +1 dagger of speed {short}
   (You found it on level 3 of the Dungeon)
Missiles
 d - 2 throwing nets {=f!fthrowing}
 h - 196 stones (quivered) {throwing}
 q - 12 poisoned darts {throwing}
Jewellery
 g - an amulet of magic regeneration {@e2}
   (You found it on level 5 of the Dungeon)
 m - a ring of fire
   (You found it on level 3 of the Dungeon)
 E - the amulet of the Air (around mantle) {Inacc Air Fly rElec RMsl}
   (You found it on level 6 of the Dungeon)

   [amulet of nothing]

   It reduces the accuracy of all your attacks.
   It enhances your air magic.
   rElec:     It insulates you from electricity.
   Fly:       It grants you flight.
   RMsl:      It protects you from missiles.
Wands
 f - a wand of digging (7)
 j - a wand of iceblast (17)
   (You found it on level 5 of the Dungeon)
Scrolls
 b - 2 scrolls of fog
 c - 4 scrolls of magic mapping {!r}
 i - 4 scrolls of identify {@r1}
 k - 3 scrolls of amnesia {unknown}
 l - a scroll of vulnerability {unknown}
 p - 3 scrolls of teleportation {unknown}
 s - a scroll of summoning {unknown}
 w - a scroll of acquirement {unknown}
 y - a scroll of immolation {unknown}
Potions
 n - a potion of flight {unknown}
 o - a potion of might {unknown}
 r - a potion of ambrosia {unknown}
 t - a potion of resistance
 u - a potion of invisibility {unknown}
 v - 3 potions of attraction {unknown}
 z - a potion of lignification {unknown}
 A - 7 potions of curing {unknown}
 D - a potion of brilliance

Dungeon Overview and Level Annotations

Branches:
Dungeon (6/15)             Temple (1/1) D:5

Altars:
Cheibriados
Dithmenos
Elyvilon
Fedhas
Gozag
Hepliaklqana
Nemelex Xobeh
Okawaru
Qazlal
Ru
Uskayaw
Yredelemnul
Zin
The Shining One

Shops:
D:4 *

Annotations:
D:4 exclusion: door
D:5 exclusion: scorpion
D:6 Duvessa

..♣♣ #.#### ##.....##
#.## ...♣ #.# ##...##
#.# (.P♣♣ #.# #+##
#.## ....♣ #.# #.#
##.## P..♣♣ #.#
####### #.# #... ♣♣♣♣
..>....####.## #.##
#.##..#.....## #.#
#............######[#
#.##.@#.............#
#.e#.##.##########
....#.##.#
.h##.##....# ... ..
###### ## ###


You could see Duvessa (berserk, extremely poisoned) and a black bear (fleeing).


Message History

You see here a +0 leather armour.
Dowan, Brother of Duvessa comes into view.
He is wielding a +2 dagger of electrocution. 😎 HP[+7]
Your hp is fully restored (52).
Found a stone staircase leading down.
Duvessa, Sister of Dowan comes into view.
She is wielding a +1 short sword of flaming.
The helpless Dowan fails to defend himself.
You skewer Dowan like a kebab!!!!
You kill Dowan!
Dithmenos accepts your kill.
Duvessa screams, "No!
How DARE you!"
Duvessa goes berserk!
Duvessa hits you with a +1 short sword of flaming.
Duvessa burns you.
Duvessa hits you with a +1 short sword of flaming!
Duvessa burns you.
Things that are here:
a +2 dagger of electrocution {short}; a +0 robe; a potion of heal wounds {@q2} You are too injured to fight recklessly!
You are too injured to fight recklessly!
You are too injured to fight recklessly!
You are too injured to fight recklessly!
You are too injured to fight recklessly!
You are too injured to fight recklessly!
You are too injured to fight recklessly!
You are too injured to fight recklessly!
You are too injured to fight recklessly!
You are too injured to fight recklessly!
You are too injured to fight recklessly!
You are too injured to fight recklessly! 😮 HP[-19]
You take 19 damage, and now have 33/52 hp.
MASSIVE DAMAGE!! (PAUSE)
You hit Duvessa.
Duvessa is poisoned.
You grab Duvessa.
You constrict Duvessa, but do no damage.
Duvessa misses you.
You hit Duvessa but do no damage.
Duvessa looks as sick as possible!
You constrict Duvessa. Duvessa misses you.
You hit Duvessa but do no damage.
Duvessa looks as sick as possible!
You squeeze Duvessa, but do no damage.
You constrict Duvessa, but do no damage.
Duvessa misses you.
You hit Duvessa.
You constrict Duvessa, but do no damage.
A black bear comes into view.
Duvessa misses you.
You hit Duvessa but do no damage.
Duvessa looks as sick as possible!
You constrict Duvessa. Duvessa closely misses you.
You feel much better.
You constrict Duvessa. Duvessa barely misses you. 😎 HP[+19]
Your hp is fully restored (52).
You hit Duvessa but do no damage. You squeeze Duvessa.
You constrict Duvessa, but do no damage.
Duvessa hits you with a +1 short sword of flaming!
Duvessa burns you. 😮 HP[-17]
You take 17 damage, and now have 35/52 hp.
MASSIVE DAMAGE!! (PAUSE) Unknown command.
As you read the scroll of fear, it crumbles to dust.
You assume a fearsome visage.
Duvessa is unaffected.
The black bear looks frightened!
You constrict Duvessa.
Duvessa hits you with a +1 short sword of flaming!!
* * * LOW HITPOINT WARNING * * *
Duvessa burns you.
* * * LOW HITPOINT WARNING * * *
😨 HP[-21]
You take 21 damage, and now have 14/52 hp.
MASSIVE DAMAGE!! (PAUSE) Unknown command.
You feel much better.
You constrict Duvessa, but do no damage.
Duvessa hits you with a +1 short sword of flaming!
* * * LOW HITPOINT WARNING * * *
Duvessa burns you.
* * * LOW HITPOINT WARNING * * *
Duvessa closely misses you. 😨 HP[+8]
You regained 8 hp, and now have 22/52 hp.
You hit Duvessa but do no damage.
Duvessa looks as sick as possible!
You constrict Duvessa.
Duvessa hits you with a +1 short sword of flaming!
* * * LOW HITPOINT WARNING * * *
Duvessa burns you.
* * * LOW HITPOINT WARNING * * *
😱 HP[-13]
You take 13 damage, and now have 9/52 hp.
MASSIVE DAMAGE!! (PAUSE)
Okay, then.
You feel much better.
You constrict Duvessa.
Duvessa hits you with a +1 short sword of flaming!
* * * LOW HITPOINT WARNING * * *
Duvessa burns you.
* * * LOW HITPOINT WARNING * * *
😱 HP[+1] Unknown command.
Unknown command.
You hit Duvessa but do no damage. You constrict Duvessa.
Duvessa hits you with a +1 short sword of flaming!
You die...

Skill      XL: |  1  2  3  4  5  6  7  8 |
---------------+-------------------------+-----
Stealth        | 8 9 10 12 | 12.7
Short Blades   | 4 7 |  7.5
Fighting       | |  3.0
Dodging        | |  2.0

Action                   |  1- 3 |  4- 6 |  7- 9 || total
-------------------------+-------+-------+-------++-------
Melee: Short sword       |     7 |    22 |    46 ||    75
       Tentacles         |     1 |     3 |    60 ||    64
       Constrict         |       |     3 |    48 ||    51
       Punch             |       |     1 |     3 ||     4
       Dagger            |       |       |   174 ||   174
Throw: Stone             |       |       |    39 ||    39
  Use: Potion            |       |     3 |     5 ||     8
       Scroll            |       |     2 |     2 ||     4
 Stab: Sleeping          |     1 |     6 |    50 ||    57
Armor: Skin              |       |     1 |     7 ||     8
Dodge: Dodged            |     4 |    12 |    88 ||   104

Levels and vault maps discovered:
D:1:      amcnicky_arrival_single_pillar, layout_basic,
          dreamdust_ecumenical_altar_statues, dreamdust_mushroom_princess
D:2:      cheibrodos_old_hovel, layout_rooms, basic_altar,
          mrwooster_statue_mirror
D:3:      layout_basic
D:4:      minmay_polygon_palace, layout_basic, slow_altar_1,
          mainiacjoe_overflow_brackets, serial_shops, nicolae_lakefront_shop
D:5:      layout_gridville, mainiacjoe_overflow_paths,
          minmay_temple_entry_waves, minmay_holes
D:6:      layout_loops_corners, nicolae_zen_rock_garden, uniq_duvessa,
          uniq_menkaure
Temple:   regret_index_temple_mists

Notes
Turn   | Place    | Note
-------+----------+-------------------------------------------
     0 | D:5      | spaghetti the Octopode Delver began the quest for the Orb.
     0 | D:5      | Reached XP level 1. HP: 16/16 MP: 1/1
     0 | D:5      | magus.rc [v1.9.6]
    25 | D:5      | Found a staircase to the Ecumenical Temple.
    30 | D:5      | Noticed an ogre
    34 | Temple   | Entered the Ecumenical Temple
    70 | Temple   | Became a worshipper of Dithmenos the Shadowed
    98 | D:5      | Killed an ogre
    99 | D:5      | Reached skill level 8 in Stealth
    99 | D:5      | Reached XP level 2. HP: 21/21 MP: 2/2
    99 | D:5      | Reached XP level 3. HP: 26/26 MP: 3/3
    99 | D:5      | Reached XP level 4. HP: 31/31 MP: 4/4
   202 | D:5      | Noticed a scorpion
   213 | D:5      | Killed a scorpion
   214 | D:5      | Reached skill level 9 in Stealth
   214 | D:5      | Reached XP level 5. HP: 36/36 MP: 5/5
   355 | D:6      | Noticed a centaur
   360 | D:6      | Killed a centaur
   361 | D:6      | Reached skill level 10 in Stealth
   361 | D:6      | Reached XP level 6. HP: 42/42 MP: 6/6
   581 | D:5      | Gained mutation: Your flesh is cold resistant. (rC+)
                  | [potion of mutation]
   581 | D:5      | Gained mutation: You are clumsy. (Dex -2) [potion of
                  | mutation]
   581 | D:5      | Gained mutation: You are strong-willed. (Will+) [potion of
                  | mutation]
   581 | D:5      | HP: 7/42 [white imp (4)]
   582 | D:5      | HP: 3/42 [white imp (2)]
   899 | D:5      | Reached skill level 11 in Stealth
  1207 | D:6      | Noticed a sky beast
  1212 | D:6      | Killed a sky beast
  1213 | D:6      | Reached skill level 12 in Stealth
  1213 | D:6      | Reached XP level 7. HP: 46/46 MP: 7/7
  1282 | D:5      | Found a hazy altar of Hepliaklqana.
  2407 | D:4      | Found a white marble altar of Elyvilon.
  2450 | D:4      | Found a snail-covered altar of Cheibriados.
  2468 | D:4      | HP: 10/46 [poisoned by an adder]
  2473 | D:4      | HP: 6/46 [poisoned by an adder]
  2936 | D:3      | Reached skill level 3 in Short Blades
  3351 | D:2      | You pick up a book of Burglary and begin reading...
  3351 | D:2      | You add the spells Passwall, Ensorcelled Hibernation and
                  | Swiftness to your library.
  3383 | D:2      | Reached * piety under Dithmenos
  3413 | D:1      | You pick up a book of Minor Magic and begin reading...
  3413 | D:1      | You add the spells Magic Dart, Call Imp and Mephitic Cloud
                  | to your library.
  3530 | D:1      | Found a faded altar of an unknown god.
  3924 | D:2      | You pick up a book of Decay and begin reading...
  3924 | D:2      | You add the spells Corpse Rot, Dispel Undead and Death
                  | Channel to your library.
  3982 | D:2      | Found a glowing golden altar of the Shining One.
  4147 | D:2      | You pick up a book of Minor Magic and begin reading...
  5024 | D:4      | You add the spells Conjure Flame, Ignite Poison and Sticky
                  | Flame to your library.
  5083 | D:4      | Reached skill level 4 in Short Blades
  5083 | D:4      | Reached XP level 8. HP: 52/52 MP: 8/8
  5236 | D:4      | Found Qahonet's General Store.
  5245 | D:4      | Bought 2 potions of heal wounds for 110 gold pieces
  5523 | D:4      | Reached ** piety under Dithmenos
  5549 | D:4      | Reached skill level 5 in Short Blades
  5995 | D:5      | Reached skill level 6 in Short Blades
  6655 | D:6      | Reached skill level 7 in Short Blades
  6795 | D:6      | Found the amulet of the Air {Inacc Air Fly rElec RMsl}
  6883 | D:6      | Noticed Dowan
  6889 | D:6      | Noticed Duvessa
  6890 | D:6      | Killed Dowan
  6901 | D:6      | HP: 12/52 [Duvessa/+1 short sword of flaming (10)]
  6903 | D:6      | Slain by Duvessa

Vanquished Creatures
  A sky beast (D:6)
  A black bear (D:4)
  An ogre (D:5)
  2 centaurs
  A phantom (D:5)
  3 scorpions
  Dowan (D:6)
  3 hounds
  2 gnoll shamans
  A jelly (D:6)
  6 iguanas
  4 orc wizards
  A mummy (D:4)
  11 gnolls
  9 adders
  2 white imps
  A worm (D:3)
  3 dart slugs
  16 orcs
  3 bats
  10 endoplasms
  5 giant cockroaches (D:4)
  5 goblins
  8 hobgoblins
  3 kobolds
  7 quokkas
  8 ball pythons
  2 frilled lizards (D:2)
  3 rats (D:1)
123 creatures vanquished.

Table legend:
 A = Non-vault XP
 B = Vault XP
 C = Vault XP percentage of total XP
 D = Non-vault monster count
 E = Vault monster count
 F = Vault count percentage of total count
                 A         B        C        D         E       F
            +---------+---------+-------+---------+---------+-------
      Total |    1753 |     374 |  17.6 |     103 |      20 |  16.3
            +---------+---------+-------+---------+---------+-------
        D:1 |      39 |       0 |   0.0 |      20 |       0 |   0.0
        D:2 |      15 |       1 |   6.2 |       9 |       1 |  10.0
        D:3 |      73 |       0 |   0.0 |      11 |       0 |   0.0
        D:4 |     443 |     301 |  40.5 |      32 |      18 |  36.0
        D:5 |     618 |       0 |   0.0 |      11 |       0 |   0.0
        D:6 |     565 |      72 |  11.3 |      20 |       1 |   4.8
            +---------+---------+-------+---------+---------+-------

Illustrated notes

Table legend:
 A = Kills in this place as a percentage of kills in entire the game.
 B = Kills by you in this place as a percentage of kills by you in the entire game.
 C = Kills by friends in this place as a percentage of kills by friends in the entire game.
 D = Other kills in this place as a percentage of other kills in the entire game.
 E = Experience gained in this place as a percentage of experience gained in the entire game.
 F = Experience gained in this place divided by the number of levels of this place that you have seen.
                   A       B       C       D       E      F
               +-------+-------+-------+-------+-------+----------------------
         Total | 100.0 | 100.0 |   N/A |   N/A | 100.0 | 303.9
       Dungeon | 100.0 | 100.0 |   N/A |   N/A | 100.0 | 354.5
               +-------+-------+-------+-------+-------+----------------------

Table legend: (Time is in decaauts)
 A = Elapsed time spent in this place.
 B = Non-inter-level travel time spent in this place.
 C = Inter-level travel time spent in this place.
 D = Time resting spent in this place.
 E = Time spent auto-exploring this place.
 F = Levels seen in this place.
 G = Mean time per level.
                   A        B        C        D        E       F      G
               +--------+--------+--------+--------+--------+-----+--------+
         Total |   6850 |   6387 |    463 |   2080 |   3417 |   7 |  978.6 |
       Dungeon |   6798 |   6349 |    449 |   2080 |   3404 |   6 | 1133.0 |
        Temple |     51 |     37 |     14 |      0 |     13 |   1 |   51.0 |
               +--------+--------+--------+--------+--------+-----+--------+

Top non-repeatable levels by time:
     D:4: 2474 daAuts
     D:5: 1397 daAuts
     D:3: 1109 daAuts
     D:6: 907 daAuts
     D:1: 508 daAuts
     D:2: 400 daAuts
  Temple: 51 daAuts
